 Dungeon Crawl Stone Soup version 0.23.1 (webtiles) character file.

Game seed: 0

2035 zhorgal the Cutter (level 9, -7/49 HPs)
             Began as a Vine Stalker Fighter on Mar 13, 2019.
             Was a Priest of Uskayaw.
             Mangled by a two-headed ogre
             ... wielding a +0 giant spiked club
              (10 damage)
             ... on level 7 of the Dungeon.
             The game lasted 00:16:53 (5547 turns).

zhorgal the Cutter (Vine Stalker Fighter)           Turns: 5547, Time: 00:16:53

Health: -7/49      AC: 12    Str: 23    XL:     9   Next: 24%
Magic:  0/14       EV:  8    Int:  8    God:    Uskayaw [***...]
Gold:   299        SH:  9    Dex: 13    Spells: 8/8 levels left

rFire    . . .     SeeInvis .   m - +4 dagger
rCold    . . .     Gourm    .   c - +0 shield
rNeg     . . .     Faith    .   b - +0 scale mail
rPois    .         Spirit   +   I - +0 helmet
rElec    .         Reflect  .   (no cloak)
rCorr    .         Harm     .   l - +2 pair of gloves
MR       +....                  F - +0 pair of boots (curse)
Stlth    ..........             (no amulet)
HPRegen  0.56/turn              (no ring)
MPRegen  0.14/turn              (no ring)

@: no status effects
A: fangs 3, regeneration 1, magic shield, antimagic bite, no potion heal 3, rot
immunity
a: Stomp, Line Pass, Renounce Religion


You were on level 7 of the Dungeon.
You worshipped Uskayaw.
Uskayaw was noncommittal.
You were not hungry.

You visited 1 branch of the dungeon, and saw 8 of its levels.

You collected 299 gold pieces.

Inventory:

Hand Weapons
 a - a +1 rapier
 h - a +0 dagger of venom
 m - a +4 dagger (weapon)
 s - the +11 trident "Pooqunn" {venom, *Drain +Inv rN+ Dex+3, unknown}
   (You found it on level 7 of the Dungeon)

   It poisons the flesh of those it strikes.
   It affects your dexterity (+3).
   It protects you from negative energy.
   It lets you turn invisible.
   It causes draining when unequipped.
 D - a +0 shortbow
 G - a cursed +5 war axe of freezing
 J - a +0 hand crossbow
Missiles
 e - 120 stones (quivered)
 i - 13 poisoned needles
 j - 35 sling bullets
 p - 2 needles of frenzy
 w - 5 tomahawks
 B - 40 arrows
Armour
 b - a +0 scale mail (worn)
 c - a +0 shield (worn)
 l - a +2 pair of gloves (worn)
 F - a cursed +0 pair of boots (worn)
 I - a +0 helmet (worn)
Jewellery
 o - an uncursed ring of flight
 x - an uncursed amulet of faith {unknown}
Wands
 r - a wand of polymorph (7)
 y - a wand of scattershot (1)
Scrolls
 d - 2 scrolls of fear
 k - a scroll of identify
 n - 3 scrolls of teleportation
 u - 3 scrolls of remove curse
 z - 2 scrolls of amnesia
 A - a scroll of magic mapping {unknown}
 H - a scroll of blinking
Potions
 g - a potion of curing
 q - a potion of flight
 t - a potion of lignification
 v - a potion of agility
 E - a potion of mutation {unknown}
Comestibles
 f - 11 rations


   Skills:
 + Level 6.3 Fighting
 + Level 6.9 Short Blades
 - Level 3.3 Armour
 - Level 2.0 Dodging
 - Level 2.6 Shields
 + Level 5.3 Invocations


You had 8 spell levels left.
You didn't know any spells.
Your spell library was empty.

Dungeon Overview and Level Annotations

Branches:
Dungeon (8/15)             Temple (0/1) D:5
   Lair: D:8-11

Altars:
Makhleb
Nemelex Xobeh
Okawaru
Qazlal
Uskayaw

Annotations:
D:3 1 runed translucent door, Crazy Yiuf


Innate Abilities, Weirdness & Mutations

You have razor-sharp teeth.
Your natural rate of healing is unusually fast.
When hurt, damage is shared between your health and your magic reserves.
Your bite disrupts and absorbs the magic of your enemies.
Potions cannot restore your health.
You are immune to rotting.


Message History

You take 1 damage, and have 36/49 hp.
You hit the two-headed ogre but do no damage.
You block the iguana's attack. The kobold closely misses you.
The two-headed ogre hits you with a +0 giant spiked club!
The two-headed ogre hits you with a +0 giant club!!
Uskayaw will no longer force your foes to helplessly watch your dance.
You take 19 damage, and have 17/49 hp.
MASSIVE DAMAGE!!
You now have 4/14 mp.
Aim: a two-headed ogre, wielding a +0 giant spiked club and a +0 giant club The burst of metal fragments hits the two-headed ogre. x2
The burst of metal fragments hits the two-headed ogre!
The burst of metal fragments hits the two-headed ogre.
The iguana closely misses you. The kobold barely misses you.
Uskayaw will force your foes to helplessly watch your dance.
Okay, then.
You hit the two-headed ogre but do no damage.
You bite the two-headed ogre, but do no damage.
The two-headed ogre hits you with a +0 giant spiked club!!
* * * LOW HITPOINT WARNING * * *
The two-headed ogre hits you with a +0 giant club!
You die...

##### #....
################.#..
#...................
#.###########....#..
#.###########....#..
#.#@K...............
#.#lO...............
##.#######........##.
#...#≈######...#####.
#...#≈#........# #.
#...#≈###......# ##
######÷...≈.##......######
#≈.)..#...≈.##.....#......
#≈....#...≈.###...........


You could see a two-headed ogre, an iguana and a kobold.

Vanquished Creatures
  Grinder (D:3)
  An ice beast (D:5)
  4 ogres
  A phantom (D:5)
  A centaur (D:7)
  3 bullfrogs
  A big kobold (D:7)
  A wyvern zombie (D:7)
  2 scorpions
  3 wights (D:7)
  A crimson imp (D:6)
  6 howler monkeys
  3 hounds
  Natasha (twice) (D:4)
  An iguana (D:5)
  2 orc wizards (D:5)
  2 worker ants (D:5)
  A hound zombie (D:7)
  A worker ant zombie (D:5)
  A gnoll (D:5)
  7 adders
  An ooze (D:3)
  2 adder skeletons
  A worm (D:3)
  2 dart slugs
  3 leopard geckos
  9 orcs
  7 giant cockroaches
  6 hobgoblins
  4 jackals
  8 kobolds
  2 quokkas
  A ball python (D:4)
  2 bats (D:2)
  3 frilled lizards
  4 goblins
  A jackal skeleton (D:7)
  A leopard gecko skeleton (D:5)
  8 rats
  A fungus (D:3)
111 creatures vanquished.

Notes
Turn   | Place    | Note
-------+----------+-------------------------------------------
     0 | D:1      | zhorgal the Vine Stalker Fighter began the quest for the
                  | Orb.
     0 | D:1      | Reached XP level 1. HP: 11/11 MP: 2/2
   248 | D:1      | Reached XP level 2. HP: 16/16 MP: 3/3
  1571 | D:3      | Found a burning altar of Makhleb.
  1581 | D:3      | Reached XP level 3. HP: 17/19 MP: 4/4
  1870 | D:3      | Found a runed translucent door.
  1871 | D:3      | Noticed Crazy Yiuf
  1885 | D:3      | Gained mutation: Your natural rate of healing is unusually
                  | fast. [Vine Stalker growth]
  1885 | D:3      | Reached XP level 4. HP: 23/23 MP: 5/5
  1928 | D:3      | Noticed Grinder
  1931 | D:3      | Paralysed by Grinder for 4 turns
  1942 | D:3      | Killed Grinder
  1942 | D:3      | Reached skill level 1 in Dodging
  1942 | D:3      | Reached XP level 5. HP: 24/28 MP: 4/6
  1942 | D:3      | Reached XP level 6. HP: 27/32 MP: 4/7
  2707 | D:4      | Found a stormy altar of Qazlal.
  2952 | D:4      | Noticed Natasha
  2965 | D:4      | Killed Natasha
  3072 | D:4      | Noticed Natasha
  3080 | D:4      | Killed Natasha
  3101 | D:5      | Entered Level 5 of the Dungeon
  3118 | D:5      | Found a hide-covered altar of Uskayaw.
  3144 | D:5      | Noticed a phantom
  3162 | D:5      | Became a worshipper of Uskayaw the Reveler
  3189 | D:5      | Reached * piety under Uskayaw
  3190 | D:5      | Reached ** piety under Uskayaw
  3194 | D:5      | Killed a phantom
  3194 | D:5      | Reached skill level 1 in Invocations
  3194 | D:5      | Reached XP level 7. HP: 32/37 MP: 6/8
  3248 | D:5      | Found a staircase to the Ecumenical Temple.
  3399 | D:5      | Reached skill level 5 in Short Blades
  3400 | D:5      | Reached *** piety under Uskayaw
  3406 | D:5      | Reached **** piety under Uskayaw
  3828 | D:5      | Gained mutation: You have razor-sharp teeth. [Vine Stalker
                  | growth]
  3828 | D:5      | Reached XP level 8. HP: 34/42 MP: 11/11
  4102 | D:6      | Found an iron altar of Okawaru.
  4133 | D:6      | Reached skill level 5 in Fighting
  4575 | D:6      | Found a sparkling altar of Nemelex Xobeh.
  4635 | D:7      | Got a fine trident
  4881 | D:7      | Reached XP level 9. HP: 26/48 MP: 5/13
  4881 | D:7      | Reached ***** piety under Uskayaw
  4955 | D:7      | Reached skill level 5 in Invocations
  5096 | D:7      | Found a sparkling altar of Nemelex Xobeh.
  5526 | D:8      | Noticed a two-headed ogre
  5547 | D:7      | Mangled by a two-headed ogre

Skill      XL: |  1  2  3  4  5  6  7  8  9 |
---------------+----------------------------+-----
Short Blades   | 2 3 4 5 6 |  6.9
Fighting       | 3 4 6 |  6.3
Armour         | 3 |  3.3
Dodging        | 1 2 |  2.0
Invocations    | 1 2 4 5 |  5.3
Shields        | |  2.6

Action                   |  1- 3 |  4- 6 |  7- 9 || total
-------------------------+-------+-------+-------++-------
Melee: Rapier            |    95 |    70 |    29 ||   194
       Bite              |    24 |    22 |    65 ||   111
       Dagger            |       |       |   202 ||   202
Evoke: Wand              |       |       |     3 ||     3
  Use: Scroll            |     3 |     1 |    11 ||    15
       Potion            |       |     1 |       ||     1
 Stab: Paralysed         |       |       |    13 ||    13
  Eat: Chunk             |     3 |     4 |     8 ||    15
Armor: Scale mail        |    37 |    14 |    68 ||   119
Dodge: Dodged            |    27 |    13 |    50 ||    90
Block: Shield            |    29 |    22 |    83 ||   134
